 Dungeon Crawl Stone Soup version 0.31.0-9-g3a7656b989 (webtiles) character file.

Game seed: 17086849187453881763

98 qw the Shooter (level 4, -6/22 HPs)
             Began as a Spriggan Hunter on Feb 2, 2024.
             Mangled by a gnoll
             ... wielding a +0 spear
              (10 damage)
             ... on level 2 of the Dungeon.
             The game lasted 00:00:03 (1085 turns).

qw the Shooter (Spriggan Hunter)                    Turns: 1085, Time: 00:00:04

Health: -6/22      AC:  2    Str:  7    XL:     4   Next: 44%
Magic:  5/5        EV: 20    Int: 10    God:
Gold:   77         SH:  0    Dex: 20    Spells: 3/3 levels left

rFire   . . .        a - +0 shortbow
rCold   . . .        (shield currently unavailable)
rNeg    . . .        c - +0 robe
rPois   .            (helmet restricted)
rElec   .            (no cloak)
rCorr   .            (gloves unavailable)
SInv    +            (boots unavailable)
Will    .....        (no amulet)
Stlth   ++           (no ring)
HPRegen 0.23/turn    (no ring)
MPRegen 0.09/turn

%: no passive effects
@: very quick
A: very small, no large weapons, unfitting armour, see invisible, speed 3
a: no special abilities


You were on level 2 of the Dungeon.
You visited 1 branch of the dungeon, and saw 2 of its levels.

You collected 77 gold pieces.


Innate Abilities, Weirdness & Mutations

You are very small and have problems with some larger weapons.
You are too small for most types of armour.
You have supernaturally acute eyesight. (SInv)
You cover ground extremely quickly. (Speed+++)


   Skills:
 - Level 1.5 Fighting
 - Level 5.0 Ranged Weapons
 + Level 4.8 Dodging
 - Level 1.5 Stealth


You had 3 spell levels left.
You didn't know any spells.
Your spell library was empty.

Inventory:

Hand Weapons
 a - a +0 shortbow (weapon)
Armour
 c - a +0 robe (worn)
 j - a +0 cloak
Jewellery
 b - the ring of Fanaticism {rC+ Str+5 Int+3}
   (You found it on level 2 of the Dungeon)

   [ring of protection from cold]

   Str+5:     It affects your strength (+5).
   Int+3:     It affects your intelligence (+3).
   rC+:       It protects you from cold.
Scrolls
 d - a scroll of enchant weapon {unknown}
 h - a scroll of identify {unknown}
Potions
 e - a potion of curing {unknown}
 f - a potion of haste {unknown}
 g - a potion of enlightenment {unknown}
 i - a potion of mutation {unknown}

Dungeon Overview and Level Annotations

Branches:
Dungeon (2/15)

Altars:


Message History

You kill the kobold!
Found a stone staircase leading down.
j - a +0 cloak A gnoll comes into view. It is wielding a +0 flail.
You shoot an arrow. The arrow hits the gnoll.
The gnoll shouts!
The gnoll is moderately wounded.
You hear a shout!
A gnoll comes into view. It is wielding a +0 club.
A gnoll comes into view. It is wielding a +0 spear.
The gnoll shouts!
You shoot an arrow. The arrow hits the gnoll.
The gnoll is moderately wounded.
A gnoll comes into view. It is wielding a +0 club.
You shoot an arrow. The arrow hits the gnoll.
The gnoll is moderately wounded.
You shoot an arrow. The arrow hits the gnoll!
The gnoll is almost dead.
You shoot an arrow. The arrow hits the gnoll!
The gnoll is almost dead.
The gnoll misses you.
You shoot an arrow.
The arrow hits the gnoll but does no damage.
The gnoll is almost dead.
The gnoll hits you from afar with a +0 spear.
You shoot an arrow. The arrow barely misses the gnoll.
The arrow hits the gnoll.
The gnoll is almost dead.
The gnoll hits you with a +0 flail. The gnoll barely misses you.
You shoot an arrow. The arrow hits the gnoll.
You kill the gnoll!
The gnoll closely misses you.
You shoot an arrow. The arrow hits the gnoll.
The gnoll is heavily wounded.
The gnoll hits you from afar with a +0 spear.
The gnoll closely misses you. The gnoll hits you with a +0 club.
The gnoll hits you from afar with a +0 spear.
You shoot an arrow. The arrow hits the gnoll.
The gnoll is severely wounded.
The gnoll hits you from afar with a +0 spear!
You die...

#.#.####...........
#....##>.>...).....
#....##............
#....##............
#..................
#....#.............
##.###.............
#.# ###...........
#@# ##......#...
#g# ######..###


.gg #.# ..... #...... #....... #........ ########## You could see 3 gnolls.

Vanquished Creatures
  4 gnolls (D:2)
  An adder (D:2)
  3 dart slugs
  3 ball pythons
  5 bats
  3 endoplasms (D:1)
  3 giant cockroaches
  3 goblins (D:2)
  5 hobgoblins
  4 frilled lizards
  7 kobolds
  5 rats
46 creatures vanquished.

Notes
Turn   | Place    | Note
-------+----------+-------------------------------------------
     0 | D:1      | qw the Spriggan Hunter began the quest for the Orb.
     0 | D:1      | Reached XP level 1. HP: 10/10 MP: 2/2
     0 | D:1      | 0 ||| qw: Version: 0.3-a-155-g5e7d8dd
     0 | D:1      | 0 ||| qw: Game counter: 1828
     0 | D:1      | 0 ||| qw: Melee chars always use a shield: true
     0 | D:1      | 0 ||| qw: God list: Okawaru
     0 | D:1      | 0 ||| qw: Allow faded altars: false
     0 | D:1      | 0 ||| qw: Do Orc after clearing Dungeon:15 true
     0 | D:1      | 0 ||| qw: Do second Lair branch before Depths: true
     0 | D:1      | 0 ||| qw: Lair rune preference: random
     0 | D:1      | 0 ||| qw: Goals: Normal
     0 | D:1      | 0 ||| PLANNING D:1-11
    55 | D:1      | Reached skill level 3 in Dodging
   188 | D:1      | Reached XP level 2. HP: 14/14 MP: 3/3
   739 | D:1      | 739 ||| READING 4 scrolls labelled CICKAR ETEF.
   740 | D:1      | 740 ||| READING scroll labelled DEMAIRPH BOCSEI.
   741 | D:1      | 741 ||| DROPPING scroll of butterflies.
   742 | D:1      | 742 ||| DROPPING 3 scrolls of fear.
   783 | D:2      | Reached XP level 3. HP: 18/18 MP: 4/4
   791 | D:2      | 791 ||| FLEEEEING.
   792 | D:2      | 792 ||| FLEEEEING.
   877 | D:2      | Identified the ring of Fanaticism {rC+ Str+5 Int+3}
   908 | D:2      | Reached skill level 5 in Ranged Weapons
   949 | D:2      | Reached XP level 4. HP: 22/22 MP: 5/5
  1084 | D:2      | HP: 3/22 [gnoll/+0 spear (4)]
  1085 | D:2      | Mangled by a gnoll

Levels and vault maps discovered:
D:1:      lemuel_arrival_rhombus, layout_basic
D:2:      layout_rooms

Skill      XL: |  1  2  3 |
---------------+----------+-----
Dodging        | 3 4 |  4.8
Ranged Weapons | 5 |  5.0
Fighting       | |  1.5
Stealth        | |  1.5

Action                     |  1- 3 |  4- 6 || total
---------------------------+-------+-------++-------
   Fire: Shortbow          |   104 |    19 ||   123
    Use: Scroll            |     2 |       ||     2
 Armour: Robe              |    10 |     6 ||    16
  Dodge: Dodged            |    23 |     4 ||    27

Table legend:
 A = Non-vault XP
 B = Vault XP
 C = Vault XP percentage of total XP
 D = Non-vault monster count
 E = Vault monster count
 F = Vault count percentage of total count
                 A         B        C        D         E       F
            +---------+---------+-------+---------+---------+-------
      Total |     141 |       0 |   0.0 |      46 |       0 |   0.0
            +---------+---------+-------+---------+---------+-------
        D:1 |      37 |       0 |   0.0 |      22 |       0 |   0.0
        D:2 |     104 |       0 |   0.0 |      24 |       0 |   0.0
            +---------+---------+-------+---------+---------+-------
